 Dungeon Crawl Stone Soup version 0.31.0 (webtiles) character file.

Game seed: 7775976247104163718

14023 qw the Skirmisher (level 12, -6/76 HPs)
             Began as a Gargoyle Hunter on Jan 19, 2024.
             Was a High Priest of Okawaru.
             Mangled by an elephant (11 damage)
             ... on level 1 of the Lair of Beasts.
             The game lasted 00:01:32 (10292 turns).

qw the Skirmisher (Gargoyle Hunter)                Turns: 10292, Time: 00:01:32

Health: -6/76      AC: 21    Str: 17    XL:     12   Next: 12%
Magic:  19/19      EV: 18    Int:  9    God:    Okawaru [*****.]
Gold:   440        SH:  0    Dex: 17    Spells: 11/11 levels left

rFire   + . .        w - +0 orcbow
rCold   + . .        (shield currently unavailable)
rNeg    + . .        v - +0 acid dragon scales
rPois   inf          e - +1 helmet
rElec   +            u - scarf {rC+ rF+}
rCorr   +            o - +1 Delatra's gloves {ID++}
SInv    +            q - +0 pair of boots
Will    .....        b - amulet of faith
Stlth   ++           f - +5 ring of evasion
HPRegen 0.32/turn    i - ring of see invisible
MPRegen 0.16/turn

%: faith
@: no status effects
A: sickness immunity, AC +8, negative energy resistance 1, electricity
resistance, torment resistance 1, petrification resistance
a: Renounce Religion, Heroism, Finesse, Duel


You were on level 1 of the Lair of Beasts.
You worshipped Okawaru.
Okawaru was extremely pleased with you.
You visited 3 branches of the dungeon, and saw 12 of its levels.

You collected 634 gold pieces.
You spent 194 gold pieces at shops.


Innate Abilities, Weirdness & Mutations

You are immune to sickness and miasma.
Your stone body is resilient. (AC +8)
You are immune to poison.
You resist negative energy. (rN+)
You are resistant to electric shocks. (rElec)
You are resistant to unholy torment.
You are immune to petrification.


   Skills:
 - Level 9.0 Fighting
 + Level 13.9 Ranged Weapons
 - Level 5.0 Armour
 - Level 4.5 Dodging
 - Level 1.1 Stealth
 + Level 9.9 Invocations


You had 11 spell levels left.
You didn't know any spells.
Your spell library was empty.

Inventory:

Hand Weapons
 w - a +0 orcbow (weapon)
Armour
 a - +0 steam dragon scales
 c - a +0 cloak
 e - a +1 helmet (worn)
 o - the +1 Delatra's gloves (worn) {ID++}
   (You found it on level 7 of the Dungeon)

   ID++:      It heals its wearer when they drink unknown potions, and restores
   their MP when they read unknown scrolls.
 q - a +0 pair of boots (worn)
 u - a scarf of resistance (worn)
 v - +0 acid dragon scales (worn)
 y - a +2 pair of gloves
Jewellery
 b - an amulet of faith (around neck)
 f - a +5 ring of evasion (left hand)
 i - a ring of see invisible (right hand)
 k - a ring of fire
 m - an amulet of reflection
 Y - a +3 ring of dexterity
Wands
 g - a wand of iceblast (5)
 n - a wand of mindburst (6)
 r - a wand of acid (2)
 s - a wand of paralysis (13)
Scrolls
 d - 2 scrolls of identify
Potions
 h - a potion of might
 j - 4 potions of mutation
 l - 2 potions of magic
 t - a potion of enlightenment
 x - a potion of haste

Dungeon Overview and Level Annotations

Branches:
Dungeon (10/15)            Temple (1/1) D:7            Lair (1/5) D:10
    Orc (0/2) D:10

Altars:
Ashenzari
Cheibriados
Dithmenos
Elyvilon
Fedhas
Gozag
Hepliaklqana
Kikubaaqudgha
Makhleb
Nemelex Xobeh
Okawaru
Qazlal
Ru
Sif Muna
Trog
Uskayaw
Vehumet
Wu Jian
Xom
Yredelemnul
Zin
The Shining One

Shops:
D:1 =   D:6 =   D:7 *

Portals:
Trove: D:10 (give 8 potions of haste)


Message History

10285 ||| RETREEEEATING.
You shoot an arrow.
The arrow hits the elephant but does no damage.
The elephant is lightly wounded.
The elephant completely misses you. The elephant barely misses you.
You shoot an arrow. The arrow barely misses the elephant.
The arrow hits the elephant.
The elephant is lightly wounded.
The elephant misses you. The elephant trunk-slaps you.
You shoot an arrow. The arrow barely misses the elephant.
The arrow hits the elephant.
The elephant is lightly wounded.
You shoot an arrow. The arrow hits the elephant.
The elephant is lightly wounded.
The elephant tramples you.
You stumble backwards!
Enter note:
Enter note:
Enter note:
Enter note:
Enter note:
Enter note:
Enter note:
Enter note:
Enter note:
Enter note:
10290 ||| RETREEEEATING.
Enter note:
Enter note:
Enter note:
Enter note:
Enter note: You shoot an arrow.
The arrow hits the elephant.
The elephant is lightly wounded.
The elephant tramples you but does no damage.
The elephant completely misses you.
You shoot an arrow.
The arrow hits the elephant but does no damage.
The elephant is lightly wounded.
The elephant tramples you!
You die...

#...............
#....Y..........
#.....######.#.# ##.....#
..###
#......######..##.##
##........%(.......#
##...###.###Y####.#
##....######Y####.#
##......#..#@Y.....#
###..................#
#..........P##....#.##
##..........#.......#
##....%....#.........#
#......................
#.....................#
####...................##
..................


You could see 3 elephants.

Vanquished Creatures
  Erica (D:10)
  A two-headed ogre (D:9)
  2 elephants (Lair:1)
  3 black mambas (Lair:1)
  A cane toad (Lair:1)
  A rime drake (D:10)
  A komodo dragon (Lair:1)
  A hornet (D:9)
  Sigmund (D:5)
  2 wyverns
  4 steam dragons
  9 yaks
  3 acid dragons
  6 water moccasins
  A sky beast (D:7)
  11 orc warriors
  7 ice beasts
  3 ogres
  4 black bears
  A centaur (D:9)
  16 wolves
  10 bullfrogs
  A kobold brigand (D:8)
  2 scorpions
  21 wights
  5 killer bees
  5 howler monkeys
  2 bombardier beetles (D:4)
  2 hounds (D:5)
  3 gnoll boudas
  3 orc priests
  4 iguanas
  9 orc wizards
  14 gnolls
  7 adders
  2 shadow imps
  3 white imps
  2 ufetubi (D:6)
  3 ribbon worms
  2 dart slugs (D:5)
  52 orcs
  6 ball pythons
  8 endoplasms
  4 giant cockroaches
  3 goblins
  2 hobgoblins
  2 jackals (D:4)
  9 kobolds
  A quokka (D:2)
  5 bats
  3 frilled lizards
  3 rats
277 creatures vanquished.

Vanquished Creatures (others)
  A gnoll bouda (D:9)
1 creature vanquished.

Grand Total: 278 creatures vanquished

Notes
Turn   | Place    | Note
-------+----------+-------------------------------------------
     0 | D:1      | qw the Gargoyle Hunter began the quest for the Orb.
     0 | D:1      | Reached XP level 1. HP: 12/12 MP: 1/1
     0 | D:1      | 0 ||| qw: Version: 0.3-a-132-g3d54051
     0 | D:1      | 0 ||| qw: Game counter: 301
     0 | D:1      | 0 ||| qw: Melee chars always use a shield: true
     0 | D:1      | 0 ||| qw: God list: Okawaru
     0 | D:1      | 0 ||| qw: Allow faded altars: false
     0 | D:1      | 0 ||| qw: Do Orc after clearing Dungeon:15 true
     0 | D:1      | 0 ||| qw: Do second Lair branch before Depths: true
     0 | D:1      | 0 ||| qw: Lair rune preference: random
     0 | D:1      | 0 ||| qw: Goals: Normal
     0 | D:1      | 0 ||| PLANNING D:1-11
   113 | D:1      | Reached XP level 2. HP: 17/17 MP: 2/2
   141 | D:1      | Found Ycvocw's Jewellery Boutique.
   150 | D:1      | 150 ||| SHOPLISTING +4 ring of protection (360 gold, have
                  | 20).
   150 | D:1      | 150 ||| SHOPLISTING +6 ring of dexterity (360 gold, have
                  | 20).
   150 | D:1      | 150 ||| SHOPLISTING +6 ring of strength (360 gold, have
                  | 20).
   150 | D:1      | 150 ||| SHOPLISTING amulet "Xiziw" {Acrobat Fly Regen+}
                  | (391 gold, have 20).
   150 | D:1      | 150 ||| SHOPLISTING amulet of the acrobat (300 gold, have
                  | 20).
   150 | D:1      | 150 ||| SHOPLISTING ring "Puirico" {Ice Int+6} (446 gold,
                  | have 20).
   271 | D:1      | 271 ||| UPGRADING to +5 ring of evasion.
   272 | D:1      | 272 ||| READING scroll labelled QOPPUECEDU.
   272 | D:1      | 272 ||| IDENTIFYING metallic inky potion
   273 | D:1      | 273 ||| READING scroll labelled KOK PYXUCK.
   273 | D:1      | 273 ||| ENCHANTING +0 shortbow.
   274 | D:1      | 274 ||| READING scroll labelled POLO DOSOYBOSS.
   305 | D:1      | Found a faded altar of an unknown god.
   700 | D:1      | 700 ||| READING scroll of identify.
   700 | D:1      | 700 ||| IDENTIFYING fuming inky potion
   701 | D:1      | 701 ||| READING 2 scrolls labelled VETOBA GEUFIPPOUPN.
   802 | D:1      | 802 ||| DRINKING 2 fuming silvery potions.
   803 | D:1      | 803 ||| DRINKING 2 bubbling inky potions.
   804 | D:1      | 804 ||| DROPPING scroll of butterflies.
   805 | D:1      | 805 ||| DROPPING potion of attraction.
   806 | D:1      | 806 ||| DROPPING potion of lignification.
   807 | D:1      | 807 ||| DROPPING scroll of vulnerability.
   808 | D:1      | 808 ||| DROPPING potion of degeneration.
   827 | D:2      | 827 ||| STAIRDANCE
   851 | D:2      | 851 ||| FLEEEEING.
   854 | D:2      | 854 ||| STAIRDANCE
   909 | D:2      | Reached XP level 3. HP: 21/21 MP: 3/3
   977 | D:2      | Reached skill level 5 in Ranged Weapons
  1004 | D:2      | 1004 ||| FLEEEEING.
  1048 | D:2      | Identified the +0 scale mail of a sewer {rF+ Str+5 Dex+3}
  1237 | D:2      | 1237 ||| UPGRADING to +0 ring mail.
  1247 | D:2      | 1247 ||| DROPPING +0 leather armour.
  1248 | D:2      | 1248 ||| UPGRADING to +0 helmet.
  1253 | D:2      | 1253 ||| READING scroll labelled BORGHU EKIDO.
  1253 | D:2      | 1253 ||| ENCHANTING +0 helmet.
  1254 | D:2      | 1254 ||| READING scroll labelled YMOMIAG KECU.
  1255 | D:2      | 1255 ||| FLEEEEING.
  1616 | D:3      | Reached skill level 1 in Armour
  1719 | D:3      | 1719 ||| READING scroll of enchant weapon.
  1719 | D:3      | 1719 ||| ENCHANTING +1 shortbow.
  1772 | D:3      | Reached skill level 3 in Fighting
  1772 | D:3      | Reached XP level 4. HP: 28/28 MP: 4/4
  2124 | D:3      | 2124 ||| READING scroll of identify.
  2124 | D:3      | 2124 ||| IDENTIFYING amethyst potion
  2125 | D:3      | 2125 ||| READING 2 scrolls labelled PYVORI YTIB.
  2125 | D:3      | 2125 ||| BRANDING +2 shortbow.
  2126 | D:3      | 2126 ||| READING scroll of brand weapon.
  2126 | D:3      | 2126 ||| BRANDING +2 shortbow of flaming.
  2247 | D:4      | Reached XP level 5. HP: 32/32 MP: 5/5
  2578 | D:4      | Reached skill level 6 in Ranged Weapons
  2601 | D:4      | Noticed an ogre
  2602 | D:4      | 2602 ||| ZAPPING wand of iceblast (6) at -2,5 (ogre;
                  | floor).
  2603 | D:4      | 2603 ||| ZAPPING wand of iceblast (5) at -2,3 (floor).
  2603 | D:4      | Killed an ogre
  2604 | D:4      | Reached XP level 6. HP: 39/39 MP: 6/6
  2821 | D:4      | 2821 ||| UPGRADING to +0 cloak.
  2826 | D:4      | 2826 ||| READING 2 scrolls labelled WIP QADA UVI.
  2827 | D:4      | 2827 ||| READING scroll labelled GOANGY LETAEBU.
  2828 | D:4      | 2828 ||| DROPPING scroll of fog.
  2865 | D:5      | Entered Level 5 of the Dungeon
  2866 | D:5      | 2866 ||| STAIRDANCE
  2950 | D:5      | 2950 ||| STAIRDANCE
  2956 | D:4      | HP: 9/39 [gnoll/+0 club[a gnoll bouda] (2)]
  2957 | D:4      | Reached skill level 7 in Ranged Weapons
  2957 | D:4      | 2957 ||| READING scroll of teleportation.
  2958 | D:4      | 2958 ||| DRINKING potion of heal wounds.
  2961 | D:4      | 2961 ||| FLEEEEING.
  2985 | D:4      | Reached XP level 7. HP: 44/44 MP: 7/7
  3012 | D:5      | 3012 ||| STAIRDANCE
  3076 | D:5      | Noticed Sigmund
  3077 | D:5      | 3077 ||| ZAPPING wand of iceblast (4) at 1,-2 (floor).
  3078 | D:5      | 3078 ||| ZAPPING wand of iceblast (3) at 1,-2 (Sigmund;
                  | floor).
  3079 | D:5      | 3079 ||| ZAPPING wand of iceblast (2) at 1,-2 (Sigmund;
                  | floor).
  3079 | D:5      | Killed Sigmund
  3099 | D:5      | Reached skill level 8 in Ranged Weapons
  3231 | D:5      | Reached XP level 8. HP: 49/49 MP: 8/8
  3246 | D:5      | 3246 ||| FLEEEEING.
  3348 | D:5      | Reached skill level 9 in Ranged Weapons
  3526 | D:5      | Reached skill level 6 in Fighting
  3662 | D:5      | 3662 ||| READING 3 scrolls of identify.
  3662 | D:5      | 3662 ||| IDENTIFYING brown potion
  4098 | D:6      | Reached skill level 10 in Ranged Weapons
  4103 | D:6      | Found Fecoqydgh's One-of-a-Kind Rings.
  4107 | D:6      | 4107 ||| BUYING +3 ring of dexterity (140 gold).
  4107 | D:6      | Bought a +3 ring of dexterity for 140 gold pieces
  4107 | D:6      | 4107 ||| SHOPLISTING +7 ring of protection (1449 gold, have
                  | 193).
  4107 | D:6      | 4107 ||| SHOPLISTING +8 ring of dexterity (770 gold, have
                  | 193).
  4107 | D:6      | 4107 ||| SHOPLISTING ring of Tosaom {Fly rF+ Str+2 Dex+2
                  | Slay+3} (735 gold, have 193).
  4242 | D:6      | 4242 ||| DROPPING +0 ring mail of poison resistance.
  4243 | D:6      | 4243 ||| UPGRADING to +0 pair of gloves.
  4248 | D:6      | 4248 ||| DROPPING +0 leather armour of poison resistance.
  4249 | D:6      | 4249 ||| UPGRADING to +3 ring of dexterity.
  4250 | D:6      | 4250 ||| READING 2 scrolls of identify.
  4250 | D:6      | 4250 ||| IDENTIFYING purple potion
  4251 | D:6      | 4251 ||| READING scroll of identify.
  4251 | D:6      | 4251 ||| IDENTIFYING metallic yellow potion
  4252 | D:6      | 4252 ||| DROPPING potion of brilliance.
  4317 | D:7      | Found a staircase to the Ecumenical Temple.
  4318 | D:7      | 4318 ||| PLANNING TEMPLE
  4318 | D:7      | 4318 ||| UPGRADING to ring of see invisible.
  4328 | Temple   | Entered the Ecumenical Temple
  4329 | Temple   | 4329 ||| PLANNING OKAWARU WORSHIP
  4335 | Temple   | Became a worshipper of Warmaster Okawaru
  4336 | Temple   | 4336 ||| PLANNING D:1-11
  4368 | D:7      | Reached XP level 9. HP: 46/55 MP: 9/9
  4385 | D:7      | Reached skill level 3 in Armour
  4385 | D:7      | HP: 8/55 [gnoll/+0 halberd[a gnoll bouda] (11)]
  4386 | D:7      | 4386 ||| DRINKING potion of heal wounds.
  4394 | D:7      | 4394 ||| FLEEEEING.
  4401 | D:7      | 4401 ||| STAIRDANCE
  4504 | D:7      | 4504 ||| STAIRDANCE
  4506 | D:6      | 4506 ||| FLEEEEING.
  4516 | D:6      | 4516 ||| STAIRDANCE
  4574 | D:7      | 4574 ||| STAIRDANCE
  4582 | D:7      | 4582 ||| STAIRDANCE
  4592 | D:7      | 4592 ||| STAIRDANCE
  4598 | D:6      | HP: 9/56 [steam dragon/ball of steam (8)]
  4601 | D:6      | 4601 ||| FLEEEEING.
  4611 | D:6      | 4611 ||| STAIRDANCE
  4778 | D:7      | 4778 ||| STAIRDANCE
  4780 | D:6      | 4780 ||| FLEEEEING.
  4821 | D:7      | 4821 ||| READING scroll of enchant weapon.
  4821 | D:7      | 4821 ||| ENCHANTING +2 shortbow of electrocution.
  4838 | D:7      | Found the +1 Delatra's gloves {ID++}
  4866 | D:7      | Found Rutanoc's CLEARANCE SALE!.
  4881 | D:7      | 4881 ||| BUYING wand of acid (2) (16 gold).
  4881 | D:7      | Bought a wand of acid (2) for 16 gold pieces
  4881 | D:7      | 4881 ||| BUYING wand of paralysis (8) (38 gold).
  4881 | D:7      | Bought a wand of paralysis (8) for 38 gold pieces
  4943 | D:7      | Found a snail-covered altar of Cheibriados.
  4953 | D:7      | Reached * piety under Okawaru
  4961 | D:7      | Reached skill level 1 in Invocations
  4989 | D:7      | Found a stormy altar of Qazlal.
  5174 | D:7      | Found a shadowy altar of Dithmenos.
  5177 | D:7      | Found a white marble altar of Elyvilon.
  5181 | D:7      | Found a basalt altar of Yredelemnul.
  5181 | D:7      | Found a bloodstained altar of Trog.
  5187 | D:7      | 5187 ||| UPGRADING to +1 Delatra's gloves {ID++}.
  5197 | D:7      | 5197 ||| DROPPING +0 pair of gloves.
  5198 | D:7      | 5198 ||| UPGRADING to +0 pair of boots.
  5203 | D:7      | 5203 ||| UPGRADING to scarf of resistance.
  5213 | D:7      | 5213 ||| UPGRADING to amulet of the acrobat.
  5218 | D:7      | 5218 ||| READING 2 scrolls of identify.
  5218 | D:7      | 5218 ||| IDENTIFYING scroll labelled ABLOGGOLAI
  5219 | D:7      | 5219 ||| DROPPING scroll of fear.
  5462 | D:8      | Found a shimmering blue altar of Sif Muna.
  5498 | D:8      | 5498 ||| FLEEEEING.
  5631 | D:8      | 5631 ||| SWAPPING to +0 orcbow.
  5632 | D:8      | 5632 ||| DROPPING +3 shortbow of electrocution.
  5683 | D:8      | 5683 ||| RETREEEEATING.
  5689 | D:8      | Reached skill level 3 in Invocations
  5727 | D:8      | 5727 ||| FLEEEEING.
  5729 | D:8      | 5729 ||| FLEEEEING.
  5731 | D:8      | 5731 ||| FLEEEEING.
  5732 | D:8      | 5732 ||| FLEEEEING.
  5733 | D:8      | 5733 ||| FLEEEEING.
  5734 | D:8      | 5734 ||| FLEEEEING.
  5735 | D:8      | 5735 ||| FLEEEEING.
  5736 | D:8      | 5736 ||| FLEEEEING.
  5737 | D:8      | 5737 ||| FLEEEEING.
  5738 | D:8      | 5738 ||| FLEEEEING.
  5739 | D:8      | 5739 ||| FLEEEEING.
  5864 | D:8      | Reached skill level 11 in Ranged Weapons
  5864 | D:8      | 5864 ||| FLEEEEING.
  5954 | D:8      | Found a flagged portal.
  6112 | D:8      | 6112 ||| UPGRADING to amulet of reflection.
  6122 | D:8      | 6122 ||| DROPPING amulet of the acrobat.
  6123 | D:8      | 6123 ||| READING 6 scrolls of identify.
  6123 | D:8      | 6123 ||| IDENTIFYING scroll labelled YZESAO PEALEUC
  6124 | D:8      | 6124 ||| READING 5 scrolls of identify.
  6124 | D:8      | 6124 ||| IDENTIFYING scroll labelled ODGHAD BOMITZ
  6125 | D:8      | 6125 ||| DROPPING scroll of revelation.
  6126 | D:8      | 6126 ||| DROPPING scroll of noise.
  6159 | D:9      | Noticed a two-headed ogre
  6160 | D:9      | 6160 ||| INVOKING Heroism.
  6172 | D:9      | Killed a two-headed ogre
  6172 | D:9      | Reached ** piety under Okawaru
  6173 | D:9      | Reached XP level 10. HP: 41/63 MP: 11/13
  6315 | D:9      | 6315 ||| DRINKING potion of curing.
  6315 | D:9      | 6315 ||| (to cure confusion)
  6437 | D:9      | Reached *** piety under Okawaru
  6444 | D:9      | 6444 ||| FLEEEEING.
  6672 | D:9      | 6672 ||| RETREEEEATING.
  6673 | D:9      | 6673 ||| RETREEEEATING.
  6674 | D:9      | 6674 ||| RETREEEEATING.
  6675 | D:9      | 6675 ||| RETREEEEATING.
  6676 | D:9      | 6676 ||| RETREEEEATING.
  6677 | D:9      | 6677 ||| RETREEEEATING.
  6678 | D:9      | 6678 ||| RETREEEEATING.
  6679 | D:9      | 6679 ||| RETREEEEATING.
  6682 | D:9      | 6682 ||| INVOKING Heroism.
  6730 | D:9      | 6730 ||| FLEEEEING.
  7074 | D:9      | Reached skill level 12 in Ranged Weapons
  7085 | D:9      | 7085 ||| RETREEEEATING.
  7086 | D:9      | 7086 ||| RETREEEEATING.
  7088 | D:9      | 7088 ||| RETREEEEATING.
  7089 | D:9      | 7089 ||| RETREEEEATING.
  7090 | D:9      | 7090 ||| RETREEEEATING.
  7091 | D:9      | 7091 ||| RETREEEEATING.
  7091 | D:9      | Paralysed by a gnoll bouda for 5 turns
  7096 | D:9      | 7096 ||| RETREEEEATING.
  7115 | D:9      | Reached **** piety under Okawaru
  7124 | D:9      | 7124 ||| FLEEEEING.
  7161 | D:9      | 7161 ||| FLEEEEING.
  7162 | D:9      | 7162 ||| STAIRDANCE
  7295 | D:9      | 7295 ||| STAIRDANCE
  7297 | D:8      | 7297 ||| FLEEEEING.
  7463 | D:9      | 7463 ||| UPGRADING to +0 steam dragon scales.
  7473 | D:9      | 7473 ||| DROPPING +0 ring mail.
  7474 | D:9      | 7474 ||| READING 4 scrolls of identify.
  7474 | D:9      | 7474 ||| IDENTIFYING scroll labelled XINGAHYJET
  7475 | D:9      | 7475 ||| DROPPING scroll of blinking.
  7505 | D:10     | Entered Level 10 of the Dungeon
  7565 | D:10     | 7565 ||| RETREEEEATING.
  7580 | D:10     | HP: 15/64 [orc priest/divine providence (15)]
  7581 | D:10     | 7581 ||| READING 3 scrolls of teleportation.
  7586 | D:10     | Found a staircase to the Lair.
  7587 | D:10     | 7587 ||| RETREEEEATING.
  7588 | D:10     | 7588 ||| RETREEEEATING.
  7589 | D:10     | 7589 ||| RETREEEEATING.
  7590 | D:10     | 7590 ||| RETREEEEATING.
  7591 | D:10     | 7591 ||| RETREEEEATING.
  7592 | D:10     | 7592 ||| RETREEEEATING.
  7593 | D:10     | 7593 ||| RETREEEEATING.
  7598 | D:10     | Reached XP level 11. HP: 21/68 MP: 15/15
  7929 | D:10     | 7929 ||| RETREEEEATING.
  7938 | D:10     | 7938 ||| RETREEEEATING.
  7939 | D:10     | 7939 ||| RETREEEEATING.
  7940 | D:10     | 7940 ||| RETREEEEATING.
  7941 | D:10     | 7941 ||| RETREEEEATING.
  7942 | D:10     | 7942 ||| RETREEEEATING.
  7954 | D:10     | Reached skill level 6 in Invocations
  7967 | D:10     | Reached skill level 13 in Ranged Weapons
  8093 | D:10     | 8093 ||| RETREEEEATING.
  8095 | D:10     | 8095 ||| RETREEEEATING.
  8096 | D:10     | 8096 ||| RETREEEEATING.
  8098 | D:10     | 8098 ||| INVOKING Finesse.
  8323 | D:10     | Reached ***** piety under Okawaru
  8392 | D:10     | Found a staircase to the Orcish Mines.
  8400 | D:10     | Found a portal to a secret trove of treasure.
  8513 | D:10     | Reached skill level 9 in Fighting
  8549 | D:10     | Noticed Erica
  8550 | D:10     | 8550 ||| INVOKING Finesse.
  8571 | D:10     | Killed Erica
  8740 | D:10     | 8740 ||| FLEEEEING.
  8870 | D:10     | 8870 ||| PLANNING LAIR
  8870 | D:10     | 8870 ||| UPGRADING to +0 acid dragon scales.
  8880 | D:10     | 8880 ||| UPGRADING to amulet of faith.
  8890 | D:10     | 8890 ||| READING 5 scrolls of identify.
  8890 | D:10     | 8890 ||| IDENTIFYING fuming black potion
  8891 | D:10     | 8891 ||| READING 4 scrolls of identify.
  8891 | D:10     | 8891 ||| IDENTIFYING black potion
  8892 | D:10     | 8892 ||| READING 3 scrolls of identify.
  8892 | D:10     | 8892 ||| IDENTIFYING 2 ruby potions
  8923 | Lair:1   | Entered Level 1 of the Lair of Beasts
  8924 | Lair:1   | 8924 ||| RETREEEEATING.
  8925 | Lair:1   | 8925 ||| RETREEEEATING.
  8927 | Lair:1   | 8927 ||| RETREEEEATING.
  8928 | Lair:1   | 8928 ||| RETREEEEATING.
  8929 | Lair:1   | 8929 ||| RETREEEEATING.
  8930 | Lair:1   | 8930 ||| INVOKING Finesse.
  8950 | Lair:1   | 8950 ||| INVOKING Heroism.
  9071 | Lair:1   | Received a gift from Okawaru
  9072 | Lair:1   | 9072 ||| FLEEEEING.
  9077 | Lair:1   | 9077 ||| STAIRDANCE
  9194 | Lair:1   | 9194 ||| RETREEEEATING.
  9195 | Lair:1   | 9195 ||| RETREEEEATING.
  9196 | Lair:1   | 9196 ||| RETREEEEATING.
  9197 | Lair:1   | 9197 ||| RETREEEEATING.
  9211 | Lair:1   | 9211 ||| FLEEEEING.
  9359 | Lair:1   | 9359 ||| RETREEEEATING.
  9362 | Lair:1   | 9362 ||| RETREEEEATING.
  9363 | Lair:1   | 9363 ||| RETREEEEATING.
  9364 | Lair:1   | 9364 ||| RETREEEEATING.
  9365 | Lair:1   | 9365 ||| RETREEEEATING.
  9366 | Lair:1   | 9366 ||| RETREEEEATING.
  9367 | Lair:1   | 9367 ||| RETREEEEATING.
  9368 | Lair:1   | 9368 ||| RETREEEEATING.
  9369 | Lair:1   | 9369 ||| RETREEEEATING.
  9370 | Lair:1   | 9370 ||| RETREEEEATING.
  9370 | Lair:1   | HP: 17/71 [black mamba (7)]
  9371 | Lair:1   | 9371 ||| READING 2 scrolls of teleportation.
  9372 | Lair:1   | 9372 ||| DRINKING potion of heal wounds.
  9373 | Lair:1   | 9373 ||| RETREEEEATING.
  9554 | Lair:1   | HP: 17/71 [black mamba (3)]
  9555 | Lair:1   | 9555 ||| READING scroll of teleportation.
  9559 | Lair:1   | 9559 ||| FLEEEEING.
  9578 | Lair:1   | 9578 ||| FLEEEEING.
  9769 | Lair:1   | Reached skill level 9 in Invocations
  9809 | Lair:1   | 9809 ||| FLEEEEING.
  9992 | Lair:1   | 9992 ||| FLEEEEING.
 10183 | Lair:1   | Reached XP level 12. HP: 76/76 MP: 19/19
 10198 | Lair:1   | 10198 ||| RETREEEEATING.
 10204 | Lair:1   | 10204 ||| RETREEEEATING.
 10205 | Lair:1   | 10205 ||| RETREEEEATING.
 10228 | Lair:1   | HP: 15/76 [cane toad (14)]
 10229 | Lair:1   | 10229 ||| DRINKING potion of heal wounds.
 10265 | Lair:1   | 10265 ||| RETREEEEATING.
 10271 | Lair:1   | 10271 ||| RETREEEEATING.
 10274 | Lair:1   | 10274 ||| RETREEEEATING.
 10275 | Lair:1   | 10275 ||| RETREEEEATING.
 10281 | Lair:1   | Received a gift from Okawaru
 10284 | Lair:1   | 10284 ||| RETREEEEATING.
 10284 | Lair:1   | HP: 9/76 [elephant (11)]
 10285 | Lair:1   | 10285 ||| RETREEEEATING.
 10289 | Lair:1   | HP: 4/76 [elephant (4)]
 10290 | Lair:1   | 10290 ||| RETREEEEATING.
 10292 | Lair:1   | Mangled by an elephant

Levels and vault maps discovered:
D:1:      dpeg_arrival_court, layout_basic, serial_shops, shop_fountains,
          chequers_ecumenical_altar_simple, supply_closet_lemuel,
          nicolae_the_louvre
D:2:      layout_rooms
D:3:      layout_basic, nrook_loot_triangle, minmay_misc_feat_enclosed,
          mrwooster_statue_mirror
D:4:      layout_loops_ring
D:5:      layout_basic, amcnicky_mini_pool_medium, uniq_sigmund
D:6:      layout_loops_ring, nicolae_shop_unique_rings
D:7:      layout_cave_pools, mainiacjoe_overflow_six_doors_small,
          kennysheep_mini, minitemple, minmay_temple_entry_arrows,
          nicolae_shop_clearance
D:8:      layout_loops_ring, overflow_temple_1_default, enter_bailey_8
D:9:      layout_stronghold, serial_column_ruins, column_ruins_courtyard_long,
          column_ruins_hut, column_ruins_grid_3, column_ruins_open_small,
          column_ruins_open_large, column_ruins_open_tiny,
          column_ruins_columns_straight, minmay_joined_circles
D:10:     layout_roguey [special_room_orc], hellmonk_lair_entry_icy,
          david_orc_2, enter_trove_1, uniq_erica
Temple:   regret_index_temple_waves
Lair:1:   layout_gridlike, serial_bayou_shore_a, lemuel_fruit_tree

Skill      XL: |  1  2  3  4  5  6  7  8  9 10 11 |
---------------+----------------------------------+-----
Ranged Weapons | 5 6 7 8 10 11 12 13 | 13.9
Armour         | 1 2 3 4 5 |  5.0
Fighting       | 3 4 5 6 7 8 9 |  9.0
Dodging        | 2 4 |  4.5
Invocations    | 4 5 9 |  9.9
Stealth        | |  1.1

Action                     |  1- 3 |  4- 6 |  7- 9 | 10-12 || total
---------------------------+-------+-------+-------+-------++-------
   Fire: Shortbow          |   119 |    82 |   248 |       ||   449
         Orcbow            |       |       |    80 |   936 ||  1016
 Invoke: Heroism           |       |       |     1 |     2 ||     3
         Finesse           |       |       |       |     3 ||     3
  Evoke: Wand              |       |     2 |     3 |       ||     5
    Use: Scroll            |     8 |     6 |     7 |     7 ||    28
         Potion            |     2 |     1 |     1 |     3 ||     7
 Armour: Leather armour    |    29 |       |       |       ||    29
         Ring mail         |     2 |    27 |   132 |   102 ||   263
         Steam dragon scal |       |       |       |    85 ||    85
         Acid dragon scale |       |       |       |   148 ||   148
  Dodge: Dodged            |    50 |    45 |   200 |   593 ||   888
  Block: Other             |       |       |       |   108 ||   108
         Reflection        |       |       |       |     2 ||     2

Table legend:
 A = Non-vault XP
 B = Vault XP
 C = Vault XP percentage of total XP
 D = Non-vault monster count
 E = Vault monster count
 F = Vault count percentage of total count
                 A         B        C        D         E       F
            +---------+---------+-------+---------+---------+-------
      Total |   14757 |    5277 |  26.3 |     216 |      62 |  22.3
            +---------+---------+-------+---------+---------+-------
        D:1 |      24 |       0 |   0.0 |      15 |       0 |   0.0
        D:2 |      37 |       0 |   0.0 |      12 |       0 |   0.0
        D:3 |      34 |       0 |   0.0 |       6 |       0 |   0.0
        D:4 |     527 |       0 |   0.0 |      27 |       0 |   0.0
        D:5 |     923 |     432 |  31.9 |      27 |       5 |  15.6
        D:6 |     583 |       0 |   0.0 |      10 |       0 |   0.0
        D:7 |     572 |       0 |   0.0 |      19 |       0 |   0.0
        D:8 |     964 |       0 |   0.0 |      15 |       0 |   0.0
        D:9 |    2778 |    2039 |  42.3 |      23 |      17 |  42.5
       D:10 |    2586 |    2806 |  52.0 |      33 |      40 |  54.8
     Lair:1 |    5729 |       0 |   0.0 |      29 |       0 |   0.0
            +---------+---------+-------+---------+---------+-------
